 Dungeon Crawl Stone Soup version 0.31-a0-435-g2c6fae2916 (webtiles) character file.

Game seed: 17977353384958320841

1280 floatRand the Basher (level 8, -1/78 HPs)
             Began as an Ogre Cinder Acolyte on Aug 1, 2023.
             Was an Initiate of Sif Muna.
             Slain by a fire elemental (12 damage)
             ... created by the fiery vengeance of Ignis
             ... on level 6 of the Dungeon.
             The game lasted 00:06:33 (5564 turns).

floatRand the Basher (Ogre Cinder Acolyte)          Turns: 5564, Time: 00:06:34

Health: -1/78      AC:  3    Str: 19    XL:     8   Next: 54%
Magic:  13/13      EV:  9    Int: 17    God:    Sif Muna [......]
Gold:   240        SH:  0    Dex:  4    Spells: 12/14 levels left

rFire   . . .        h - +5 flail (protect)
rCold   + + .        (no shield)
rNeg    . . .        b - +0 robe
rPois   .            (helmet restricted)
rElec   .            (no cloak)
rCorr   .            (gloves unavailable)
SInv    .            (boots unavailable)
Will    .....        (no amulet)
Stlth   +            c - ring of protection from cold
HPRegen 0.33/turn    r - ring of protection from cold
MPRegen 0.13/turn

%: no passive effects
@: fire susceptible
A: large, unfitting armour, tough skin 1
a: Renounce Religion


You were on level 6 of the Dungeon.
You worshipped Sif Muna.
Sif Muna was noncommittal.
You visited 2 branches of the dungeon, and saw 7 of its levels.

You collected 240 gold pieces.

Inventory:

Hand Weapons
 a - a -1 mace of flaming
 h - a +5 flail of protection (weapon)
 p - a +2 short sword of flaming
 u - a +2 heavy mace
Armour
 b - a +0 robe (worn)
 t - an orb of guile
Jewellery
 c - a ring of protection from cold (left hand)
 r - a ring of protection from cold (right hand)
Scrolls
 d - a scroll of blinking {unknown}
 e - 2 scrolls of vulnerability {unknown}
 g - 3 scrolls of identify
 k - a scroll of enchant weapon {unknown}
 l - 4 scrolls of immolation {unknown}
 q - a scroll of teleportation
 v - a scroll of poison {unknown}
Potions
 f - a potion of heal wounds
 i - 4 potions of haste {unknown}
 j - 2 potions of enlightenment {unknown}
 m - 2 potions of lignification {unknown}
 n - a potion of mutation {unknown}
 o - a potion of might {unknown}
 s - a potion of cancellation {unknown}
 w - a potion of curing {unknown}


   Skills:
 - Level 4.0 Fighting
 * Level 8.0 Maces & Flails
 + Level 3.7 Spellcasting
 - Level 5.0 Fire Magic
 + Level 0.9 Invocations


You had 12 spell levels left.
You knew the following spells:

 Your Spells              Type           Power      Damage    Failure   Level
a - Scorch                Fire           40%        2d6       3%          2

Your spell library contained the following spells:

 Spells                   Type           Power      Damage    Failure   Level
 Apportation              Tloc           6%         N/A       16%         1
 Magic Dart               Conj           12%        1d3       16%         1
 Necrotise                Necr           12%        1d4       16%         1
 Summon Small Mammal      Summ           12%        N/A       16%         1
 Call Imp                 Summ           6%         N/A       24%         2
 Mephitic Cloud           Conj/Pois/Air  3%         N/A       43%         3


Dungeon Overview and Level Annotations

Branches:
Dungeon (6/15)             Temple (1/1) D:6

Altars:
Ashenzari
Cheibriados
Elyvilon
Fedhas
Hepliaklqana
Kikubaaqudgha
Makhleb
Qazlal
Ru
Sif Muna
Uskayaw
Vehumet
Wu Jian
Zin

Annotations:
D:3 3 runed translucent doors, flestrin's ghost, amateur TeSu; sigonnn's ghost, amateur OpSh
D:4 2 transporters, bmj180's ghost, amateur GrFE


Innate Abilities, Weirdness & Mutations

You are too large for most types of armour.
You have tough skin. (AC +1)


Message History

You struggle to resist.
Unknown command.
Unknown command.
Unknown command.
You thump the shadow imp!
Your weapon exudes an aura of protection.
You kill the shadow imp!
Sif Muna accepts your kill. The fire elemental hits you.
The fire elemental burns you!
You bump into the rock wall.
You feel less confused. The fire elemental barely misses you.
The fire elemental hits you. The fire elemental burns you!
The fire elemental hits you. The fire elemental burns you!
The fire elemental completely misses you.
The fire elemental closely misses you. The fire elemental barely misses you.
Unknown command.
You feel much better.
The adder hisses angrily.
The fire elemental hits you. The fire elemental burns you!
You miss the fire elemental. The fire elemental hits you.
The fire elemental burns you! The fire elemental hits you.
The fire elemental burns you!
Unknown command.
Unknown command.
You sock the fire elemental!
Your weapon exudes an aura of protection.
The fire elemental is heavily damaged.
The fire elemental hits you. The fire elemental burns you!
* * * LOW HITPOINT WARNING * * *
You closely miss the fire elemental.
The fire elemental is heavily damaged.
The fire elemental hits you. The fire elemental burns you!
* * * LOW HITPOINT WARNING * * *
The adder bites you but does no damage.
Unknown command.
You closely miss the fire elemental.
The fire elemental is heavily damaged.
The fire elemental hits you. The fire elemental burns you!
You die...

..## #.##.........#
.!...
#.##.........#
.....
#.##......####
.....####+##......#
.................#
..#.............#
##..........EE#
#......####E##
#......# #@#
#......# #S# ..
.....>.####.#
.S..##.........#.#
.....+..†......#.#
.#####............
#.........###
...#.###...#
y....+... .....


You could see 3 fire elementals and an adder.

Vanquished Creatures
  Eustachio (D:5)
  Edmund (D:4)
  A black bear (D:6)
  An orc warrior (D:4)
  2 ice beasts
  A centaur (D:4)
  2 scorpions (D:5)
  A jelly (D:6)
  2 orc priests (D:4)
  A hound (D:4)
  3 iguanas
  3 orc wizards (D:4)
  3 gnolls
  6 adders
  2 shadow imps
  3 worms
  2 dart slugs
  8 orcs (D:4)
  8 ball pythons
  6 endoplasms
  4 giant cockroaches
  4 hobgoblins
  9 jackals
  7 kobolds
  A quokka (D:3)
  4 bats
  3 frilled lizards
  4 goblins
  4 rats
97 creatures vanquished.

Notes
Turn   | Place    | Note
-------+----------+-------------------------------------------
     0 | D:1      | floatRand the Ogre Cinder Acolyte began the quest for the
                  | Orb.
     0 | D:1      | Reached XP level 1. HP: 24/24 MP: 2/2
    59 | D:1      | Reached skill level 3 in Maces & Flails
    99 | D:1      | Reached XP level 2. HP: 29/32 MP: 3/3
   791 | D:1      | Reached XP level 3. HP: 39/39 MP: 4/4
   813 | D:1      | Learned a level 2 spell: Scorch
   889 | D:2      | Found a broken altar of Ashenzari.
  1354 | D:2      | Reached XP level 4. HP: 37/48 MP: 1/5
  1368 | D:2      | Reached skill level 4 in Maces & Flails
  1618 | D:2      | Found a faded altar of an unknown god.
  1827 | D:3      | Found a runed translucent gate.
  1831 | D:3      | Found a runed translucent gate.
  1832 | D:3      | Found a runed translucent gate.
  1890 | D:3      | Noticed flestrin's ghost (amateur TeSu)
  1890 | D:3      | Noticed sigonnn's ghost (amateur OpSh)
  2237 | D:3      | Reached XP level 5. HP: 37/54 MP: 6/6
  2695 | D:4      | Noticed an orc warrior
  3160 | D:4      | Noticed Edmund
  3544 | D:4      | Reached skill level 5 in Maces & Flails
  3581 | D:4      | Reached XP level 6. HP: 44/62 MP: 2/7
  3746 | D:4      | Identified the +8 giant club of the Jester {freeze, rN+}
  3746 | D:4      | Noticed bmj180's ghost (amateur GrFE)
  3747 | D:4      | Found a transporter.
  3751 | D:4      | Found a transporter.
  4044 | D:4      | Killed an orc warrior
  4300 | D:4      | Reached XP level 7. HP: 64/70 MP: 5/8
  4365 | D:4      | Reached skill level 6 in Maces & Flails
  4585 | D:4      | Killed Edmund
  4586 | D:4      | Reached skill level 5 in Fire Magic
  4852 | D:5      | Entered Level 5 of the Dungeon
  4881 | D:5      | Reached skill level 7 in Maces & Flails
  4955 | D:5      | Reached XP level 8. HP: 68/78 MP: 11/11
  4995 | D:5      | Noticed a two-headed ogre
  5005 | D:5      | Noticed Eustachio
  5014 | D:5      | Killed Eustachio
  5084 | D:5      | You fall into a shaft and drop 1 floor!
  5448 | D:6      | Found a staircase to the Ecumenical Temple.
  5465 | Temple   | Entered the Ecumenical Temple
  5474 | Temple   | Fell from the grace of Ignis
  5474 | Temple   | Became a worshipper of Sif Muna the Loreminder
  5493 | D:6      | Reached skill level 8 in Maces & Flails
  5564 | D:6      | Slain by a fire elemental

Illustrated notes

Levels and vault maps discovered:
D:1:      dpeg_arrival_boxorama, layout_basic
D:2:      layout_basic, hellmonk_ecumenical_altar_dog_temple, basic_altar
D:3:      layout_loops_ring, gammafunk_ghost_cemetery
D:4:      layout_basic, gammafunk_ghost_smash, uniq_edmund
D:5:      layout_basic, nicolae_alphabet_shops, kennysheep_windowed_goal,
          uniq_eustachio
D:6:      minmay_razor_zed, layout_basic, nicolae_overflow_macrodata_refinement,
          minmay_temple_entry_trees
Temple:   eino_temple_lava

Skill      XL: |  1  2  3  4  5  6  7  8 |
---------------+-------------------------+-----
Maces & Flails | 3 4 5 7 8 |  8.0
Fire Magic     | 3 4 5 |  5.0
Spellcasting   | 2 3 |  3.7
Fighting       | |  4.0
Invocations    | |  0.9

Action                     |  1- 3 |  4- 6 |  7- 9 || total
---------------------------+-------+-------+-------++-------
  Melee: Mace              |    81 |   179 |    17 ||   277
         Punch             |     1 |     2 |     1 ||     4
         Flail             |       |       |    56 ||    56
   Cast: Scorch            |     9 |    29 |     9 ||    47
    Use: Scroll            |       |     2 |     2 ||     4
         Potion            |       |       |     2 ||     2
 Armour: Robe              |    34 |    62 |    46 ||   142
  Dodge: Dodged            |    49 |    96 |    41 ||   186

Table legend: (Time is in decaauts)
 A = Elapsed time spent in this place.
 B = Non-inter-level travel time spent in this place.
 C = Inter-level travel time spent in this place.
 D = Time resting spent in this place.
 E = Time spent auto-exploring this place.
 F = Levels seen in this place.
 G = Mean time per level.
                   A        B        C        D        E       F      G
               +--------+--------+--------+--------+--------+-----+--------+
         Total |   5657 |   5560 |     97 |   1121 |   3168 |   7 |  808.1 |
       Dungeon |   5638 |   5541 |     97 |   1121 |   3168 |   6 |  939.7 |
        Temple |     18 |     18 |      0 |      0 |      0 |   1 |   18.0 |
               +--------+--------+--------+--------+--------+-----+--------+

Top non-repeatable levels by time:
     D:4: 1993 daAuts
     D:3: 1170 daAuts
     D:1: 902 daAuts
     D:2: 891 daAuts
     D:6: 461 daAuts
     D:5: 219 daAuts
  Temple: 18 daAuts
